| TOP OF THE 1ST |
|
Greeneville Astros batting - Pitching for Detroit (APP) Tigers : RHP Danny Whitfield
|
|
Pitching: RHP Danny Whitfield
|
|
|
Batting: LHB Guadalupe Gonzalez
|
0-0: Ball 1-0: Ball 2-0: Foul Ball, location: 2F 2-1: TRIPLE (Line Drive, 7D, EV 109.4 MPH)
|
|
Batting: RHB Jamie Walker
|
0-0: Called Strike 0-1: Ball 1-1: Ball 2-1: Called Strike 2-2: Ball 3-2: Strikes out swinging, 2-3 out at first.
|
|
Batting: LHB Bert Middleton
|
0-0: Ball 1-0: Foul Ball, location: 2F 1-1: Swinging Strike 1-2: Ball 2-2: Foul Ball, location: 2F 2-2: Fly out, F7 (Line Drive, 7, EV 90.0 MPH) Runner from 3rd tags up, SCORES, throw by LF
|
|
Batting: LHB Josh Glass
|
0-0: Ball 1-0: Ball 2-0: Swinging Strike 2-1: Ball 3-1: Base on Balls
|
|
Batting: SHB Rory Mozer
|
0-0: Ground out 4-3 (Groundball, 34D, EV 105.6 MPH)
|
| Top of the 1st over - 1 run, 1 hit, 0 errors, 1 left on base; Greeneville 1 - Detroit (APP) 0 |
| BOTTOM OF THE 1ST |
|
Detroit (APP) Tigers batting - Pitching for Greeneville Astros : LHP Jorge Ortiz
|
|
Pitching: LHP Jorge Ortiz
|
|
|
Batting: RHB Alex Duarte
|
0-0: Fly out, F7 (Flyball, 7D, EV 91.2 MPH)
|
|
Batting: RHB Yasutaka Yamasaki
|
0-0: Called Strike 0-1: Ball 1-1: Foul Ball, location: 2F 1-2: Foul Ball, location: 2F 1-2: Foul Ball, location: 2F 1-2: Foul Ball, location: 2F 1-2: Ball 2-2: Strikes out looking
|
|
Batting: RHB Nate Dabney
|
0-0: Called Strike 0-1: Ball 1-1: Ball 2-1: Ball 3-1: Base on Balls
|
|
Batting: RHB George Sonier
|
0-0: Called Strike 0-1: Ball 1-1: Called Strike 1-2: Foul Ball, location: 2F 1-2: Ball 2-2: Foul Ball, location: 2F 2-2: Fly out, F8 (Flyball, 8LD, EV 105.6 MPH)
|
| Bottom of the 1st over - 0 runs, 0 hits, 0 errors, 1 left on base; Greeneville 1 - Detroit (APP) 0 |
| TOP OF THE 2ND |
|
Greeneville Astros batting - Pitching for Detroit (APP) Tigers : RHP Danny Whitfield
|
|
Batting: RHB Josh Reisner
|
0-0: Foul Ball, location: 2F 0-1: Swinging Strike 0-2: SOLO HOME RUN (Flyball, 7LD, EV 91.9 MPH), Distance : 334 ft
|
|
Batting: RHB Fernando Acosta
|
0-0: SINGLE (Line Drive, 56D, EV 96.9 MPH)
|
|
Batting: LHB Casper Significant
|
0-0: Called Strike Fernando Acosta steals 2nd base 0-1: Ball 1-1: Fly out, F8 (Flyball, 89D, EV 102.5 MPH) Runner from 2nd tags up, SAFE at 3rd, no throw by CF
|
|
Batting: RHB Kenny Beall
|
0-0: SINGLE (Line Drive, 8RS, EV 94.4 MPH) Fernando Acosta scores
|
|
Batting: LHB Guadalupe Gonzalez
|
0-0: Ball 1-0: Fielders Choice at 2nd, 4-6 (Groundball, 4S, EV 91.9 MPH)
|
|
Batting: RHB Jamie Walker
|
0-0: Swinging Strike 0-1: SINGLE (Groundball, 56D, EV 95.0 MPH) Guadalupe Gonzalez to second
|
|
Batting: LHB Bert Middleton
|
0-0: Called Strike 0-1: Ball 1-1: Foul Ball, location: 2F 1-2: DOUBLE (Flyball, 8LXD, EV 102.5 MPH) Guadalupe Gonzalez scores Jamie Walker to third
|
|
Batting: LHB Josh Glass
|
0-0: Ball 1-0: Ball 2-0: Ball 3-0: Called Strike 3-1: Foul Ball, location: 2F 3-2: Base on Balls
|
|
Batting: SHB Rory Mozer
|
0-0: Swinging Strike 0-1: Swinging Strike 0-2: Ball 1-2: Strikes out swinging
|
| Top of the 2nd over - 3 runs, 5 hits, 0 errors, 3 left on base; Greeneville 4 - Detroit (APP) 0 |
| BOTTOM OF THE 2ND |
|
Detroit (APP) Tigers batting - Pitching for Greeneville Astros : LHP Jorge Ortiz
|
|
Batting: RHB John Barton
|
0-0: Ball 1-0: Called Strike 1-1: Called Strike 1-2: Fly out, F9 (Flyball, 89XD, EV 101.2 MPH)
|
|
Batting: LHB Simon Barry
|
0-0: Called Strike 0-1: Foul Ball, location: 2F 0-2: Ground out 4-3 (Groundball, 4, EV 91.2 MPH)
|
|
Batting: SHB Salvador Lacosta
|
0-0: Called Strike 0-1: Ball 1-1: Swinging Strike 1-2: Strikes out swinging
|
| Bottom of the 2nd over - 0 runs, 0 hits, 0 errors, 0 left on base; Greeneville 4 - Detroit (APP) 0 |
| TOP OF THE 3RD |
|
Greeneville Astros batting - Pitching for Detroit (APP) Tigers : RHP Danny Whitfield
|
|
Batting: RHB Josh Reisner
|
0-0: Ball 1-0: Called Strike 1-1: Reached on error, E6 (Groundball, 6, EV 82.5 MPH)
|
|
Batting: RHB Fernando Acosta
|
0-0: Grounds into double play, 4-6-3 (Groundball, 34S, EV 86.2 MPH)
|
|
Batting: LHB Casper Significant
|
0-0: Ball 1-0: Called Strike 1-1: Foul Ball, location: 2F 1-2: Foul Ball, location: 2F 1-2: Ball 2-2: Ball 3-2: Ground out U3 (Groundball, 34, EV 79.4 MPH)
|
| Top of the 3rd over - 0 runs, 0 hits, 1 error, 0 left on base; Greeneville 4 - Detroit (APP) 0 |
| BOTTOM OF THE 3RD |
|
Detroit (APP) Tigers batting - Pitching for Greeneville Astros : LHP Jorge Ortiz
|
|
Batting: RHB Victor Acuna
|
0-0: Foul Ball, location: 2F 0-1: Ball 1-1: Swinging Strike 1-2: Ball 2-2: Foul Ball, location: 2F 2-2: Strikes out swinging
|
|
Batting: RHB Rick Brinkmann
|
0-0: Swinging Strike 0-1: Hit by Pitch
|
|
Batting: RHB Alex Duarte
|
0-0: Ball 1-0: Ball 2-0: Ball 3-0: SINGLE (Groundball, 4D, EV 106.2 MPH) Rick Brinkmann to second Runner from 2nd tries for 3rd, SAFE, throw by CF made to third
|
|
Batting: RHB Yasutaka Yamasaki
|
0-0: Ball 1-0: Ball 2-0: Foul Ball, location: 2F 2-1: TRIPLE (Line Drive, 89XD, EV 108.8 MPH) Rick Brinkmann scores Alex Duarte scores
|
|
Batting: RHB Nate Dabney
|
0-0: Foul Ball, location: 2F 0-1: Foul Ball, location: 2F 0-2: Strikes out swinging
|
|
Batting: RHB George Sonier
|
0-0: Foul Ball, location: 2F 0-1: Called Strike 0-2: Ball 1-2: Fly out, F9 (Flyball, 9LS, EV 79.4 MPH)
|
| Bottom of the 3rd over - 2 runs, 2 hits, 0 errors, 1 left on base; Greeneville 4 - Detroit (APP) 2 |
| TOP OF THE 4TH |
|
Greeneville Astros batting - Pitching for Detroit (APP) Tigers : RHP Danny Whitfield
|
|
Batting: RHB Kenny Beall
|
0-0: Called Strike 0-1: Foul Ball, location: 2F 0-2: Strikes out looking
|
|
Batting: LHB Guadalupe Gonzalez
|
0-0: Ball 1-0: Called Strike 1-1: Called Strike 1-2: Ball 2-2: SOLO HOME RUN (Line Drive, 7D, EV 100.0 MPH), Distance : 385 ft
|
|
Pitching: RHP Victor Altagracia
|
|
|
Batting: RHB Jamie Walker
|
0-0: Hit by Pitch, AND HE CHARGES THE MOUND! The benches clear!
|
|
Pitching: RHP Marshall Laurence
|
|
|
Pinch Runner at 1st Bob Neale:
|
|
|
Batting: LHB Bert Middleton
|
0-0: Ball 1-0: Foul Ball, location: 2F 1-1: Foul Ball, location: 2F 1-2: Ball 2-2: Foul Ball, location: 2F 2-2: Fly out, F8 (Flyball, 8LM, EV 76.9 MPH)
|
|
Batting: LHB Josh Glass
|
0-0: Ball 1-0: Ball 2-0: Ball 3-0: Base on Balls Bob Neale to second
|
|
Batting: SHB Rory Mozer
|
0-0: Ball 1-0: Foul Ball, location: 2F 1-1: Ball 2-1: Swinging Strike 2-2: Strikes out swinging
|
| Top of the 4th over - 1 run, 1 hit, 0 errors, 2 left on base; Greeneville 5 - Detroit (APP) 2 |
| BOTTOM OF THE 4TH |
|
Detroit (APP) Tigers batting - Pitching for Greeneville Astros : LHP Jorge Ortiz
|
|
Now in LF: Bob Neale
|
|
|
Batting: RHB John Barton
|
0-0: Fly out, F9 (Flyball, 89M, EV 96.9 MPH)
|
|
Batting: LHB Simon Barry
|
0-0: Called Strike 0-1: Swinging Strike 0-2: Ball 1-2: Ball 2-2: Foul Ball, location: 2F 2-2: Ball 3-2: Foul Ball, location: 2F 3-2: Strikes out swinging
|
|
Batting: SHB Salvador Lacosta
|
0-0: Ball 1-0: Ground out 4-3 (Groundball, 34, EV 100.6 MPH)
|
| Bottom of the 4th over - 0 runs, 0 hits, 0 errors, 0 left on base; Greeneville 5 - Detroit (APP) 2 |
| TOP OF THE 5TH |
|
Greeneville Astros batting - Pitching for Detroit (APP) Tigers : RHP Marshall Laurence
|
|
Batting: RHB Josh Reisner
|
0-0: Ground out 5-3 (Groundball, 56S, EV 86.9 MPH)
|
|
Batting: RHB Fernando Acosta
|
0-0: Hit by Pitch
|
|
Batting: LHB Casper Significant
|
0-0: Called Strike 0-1: Ball 1-1: Fielders Choice at 2nd, 6-4 (Groundball, 6MD, EV 86.2 MPH)
|
|
Batting: RHB Kenny Beall
|
0-0: Foul Ball, location: 2F 0-1: Swinging Strike 0-2: Strikes out looking
|
| Top of the 5th over - 0 runs, 0 hits, 0 errors, 1 left on base; Greeneville 5 - Detroit (APP) 2 |
| BOTTOM OF THE 5TH |
|
Detroit (APP) Tigers batting - Pitching for Greeneville Astros : LHP Jorge Ortiz
|
|
Batting: RHB Victor Acuna
|
0-0: Ball 1-0: Foul Ball, location: 2F 1-1: SOLO HOME RUN (Flyball, 9D, EV 93.8 MPH), Distance : 356 ft
|
|
Batting: RHB Rick Brinkmann
|
0-0: Called Strike 0-1: Called Strike 0-2: Ball 1-2: Ball 2-2: Ball 3-2: Foul Ball, location: 2F 3-2: Strikes out swinging, 2-3 out at first.
|
|
Batting: RHB Alex Duarte
|
0-0: Called Strike 0-1: Ground out 4-3 (Groundball, 4, EV 103.1 MPH)
|
|
Batting: RHB Yasutaka Yamasaki
|
0-0: Called Strike 0-1: Ball 1-1: Ball 2-1: Foul Ball, location: 2F 2-2: Strikes out looking
|
| Bottom of the 5th over - 1 run, 1 hit, 0 errors, 0 left on base; Greeneville 5 - Detroit (APP) 3 |
| TOP OF THE 6TH |
|
Greeneville Astros batting - Pitching for Detroit (APP) Tigers : RHP Marshall Laurence
|
|
Batting: LHB Guadalupe Gonzalez
|
0-0: Foul Ball, location: 2F 0-1: Bunt for hit to 56S - play at first, batter safe!
|
|
Batting: LHB Bob Neale
|
0-0: Grounds into double play, U6-3 (Groundball, 4M, EV 103.8 MPH)
|
|
Batting: LHB Bert Middleton
|
0-0: Foul Ball, location: 2F 0-1: Swinging Strike 0-2: Strikes out swinging
|
| Top of the 6th over - 0 runs, 1 hit, 0 errors, 0 left on base; Greeneville 5 - Detroit (APP) 3 |
| BOTTOM OF THE 6TH |
|
Detroit (APP) Tigers batting - Pitching for Greeneville Astros : LHP Jorge Ortiz
|
|
Pitching: LHP Joe Sellick
|
|
|
Batting: RHB Nate Dabney
|
0-0: Ball 1-0: Ground out 6-3 (Groundball, 6, EV 96.9 MPH)
|
|
Batting: RHB George Sonier
|
0-0: Foul Ball, location: 2F 0-1: Ball 1-1: Ball 2-1: Foul Ball, location: 2F 2-2: SINGLE (Flyball, 6D, EV 84.4 MPH)
|
|
Batting: RHB John Barton
|
0-0: Called Strike 0-1: Foul Ball, location: 2F 0-2: Strikes out swinging
|
|
Batting: LHB Simon Barry
|
0-0: Ball 1-0: DOUBLE (Line Drive, 7LS, EV 105.6 MPH) George Sonier to third
|
|
Batting: SHB Salvador Lacosta
|
0-0: Called Strike 0-1: Swinging Strike 0-2: Strikes out swinging
|
| Bottom of the 6th over - 0 runs, 2 hits, 0 errors, 2 left on base; Greeneville 5 - Detroit (APP) 3 |
| TOP OF THE 7TH |
|
Greeneville Astros batting - Pitching for Detroit (APP) Tigers : RHP Marshall Laurence
|
|
Batting: LHB Josh Glass
|
0-0: Called Strike 0-1: Foul Ball, location: 2F 0-2: Strikes out swinging
|
|
Batting: SHB Rory Mozer
|
0-0: Called Strike 0-1: Ball 1-1: Ball 2-1: Ball 3-1: DOUBLE (Flyball, 78XD, EV 102.5 MPH)
|
|
Batting: RHB Josh Reisner
|
0-0: Intentional Walk
|
|
Pitching: RHP Mike Valdivia
|
|
|
Batting: RHB Fernando Acosta
|
0-0: Ground out U3 (Groundball, 34S, EV 73.1 MPH) Rory Mozer to third Josh Reisner to second
|
|
Batting: LHB Casper Significant
|
0-0: Ball 1-0: Swinging Strike 1-1: Ball 2-1: Ball 3-1: Swinging Strike 3-2: Strikes out swinging
|
| Top of the 7th over - 0 runs, 1 hit, 0 errors, 2 left on base; Greeneville 5 - Detroit (APP) 3 |
| BOTTOM OF THE 7TH |
|
Detroit (APP) Tigers batting - Pitching for Greeneville Astros : LHP Joe Sellick
|
|
Batting: RHB Victor Acuna
|
0-0: Foul Ball, location: 2F 0-1: Swinging Strike 0-2: Hit by Pitch
|
|
Batting: RHB Rick Brinkmann
|
0-0: Ball 1-0: Ball 2-0: Ball 3-0: Base on Balls Victor Acuna to second
|
|
Batting: RHB Alex Duarte
|
0-0: SINGLE (Line Drive, 56D, EV 103.1 MPH) Victor Acuna to third Rick Brinkmann to second
|
|
Batting: RHB Yasutaka Yamasaki
|
0-0: Foul Ball, location: 2F 0-1: Ball 1-1: Foul Ball, location: 2F 1-2: Hit by Pitch Victor Acuna scores Rick Brinkmann to third Alex Duarte to second
|
|
Batting: RHB Nate Dabney
|
0-0: Ball Passed Ball! Rick Brinkmann scores Alex Duarte to third Yasutaka Yamasaki to second 1-0: Called Strike 1-1: Ball 2-1: Called Strike 2-2: Foul Ball, location: 2F 2-2: Strikes out looking
|
|
Batting: RHB George Sonier
|
0-0: Intentional Walk
|
|
Pitching: RHP Marty Jackson
|
|
|
Batting: RHB John Barton
|
0-0: Ball 1-0: Ball 2-0: Ball 3-0: Base on Balls Alex Duarte scores Yasutaka Yamasaki to third George Sonier to second
|
|
Batting: LHB Simon Barry
|
0-0: Swinging Strike 0-1: Ball 1-1: Foul Ball, location: 2F 1-2: Ball 2-2: Ball 3-2: Strikes out swinging
|
|
Batting: SHB Salvador Lacosta
|
0-0: Fly out, F8 (Flyball, 8RS, EV 93.8 MPH)
|
| Bottom of the 7th over - 3 runs, 1 hit, 0 errors, 3 left on base; Greeneville 5 - Detroit (APP) 6 |
| TOP OF THE 8TH |
|
Greeneville Astros batting - Pitching for Detroit (APP) Tigers : RHP Mike Valdivia
|
|
Batting: RHB Kenny Beall
|
0-0: Called Strike 0-1: Ball 1-1: Called Strike 1-2: Ball 2-2: Ball 3-2: Strikes out swinging
|
|
Batting: LHB Guadalupe Gonzalez
|
0-0: Hit by Pitch
|
|
Batting: LHB Bob Neale
|
0-0: Called Strike 0-1: Foul Ball, location: 2F 0-2: Ball 1-2: Strikes out swinging
|
|
Batting: LHB Bert Middleton
|
0-0: Called Strike 0-1: Ball 1-1: Swinging Strike 1-2: Foul Ball, location: 2F 1-2: Ball 2-2: Strikes out swinging
|
| Top of the 8th over - 0 runs, 0 hits, 0 errors, 1 left on base; Greeneville 5 - Detroit (APP) 6 |
| BOTTOM OF THE 8TH |
|
Detroit (APP) Tigers batting - Pitching for Greeneville Astros : RHP Marty Jackson
|
|
Batting: RHB Victor Acuna
|
0-0: Ball 1-0: Ball 2-0: Foul Ball, location: 2F 2-1: Foul Ball, location: 2F 2-2: Ball 3-2: Strikes out swinging, 2-3 out at first.
|
|
Batting: RHB Rick Brinkmann
|
0-0: Swinging Strike 0-1: SINGLE (Flyball, 3D, EV 84.4 MPH)
|
|
Batting: RHB Alex Duarte
|
0-0: Ball 1-0: Called Strike 1-1: Ball 2-1: Foul Ball, location: 2F 2-2: Strikes out swinging
|
|
Pitching: RHP Marc Marchand
|
|
|
Batting: RHB Yasutaka Yamasaki
|
0-0: Called Strike 0-1: Called Strike 0-2: Ball 1-2: Strikes out looking
|
| Bottom of the 8th over - 0 runs, 1 hit, 0 errors, 1 left on base; Greeneville 5 - Detroit (APP) 6 |
| TOP OF THE 9TH |
|
Greeneville Astros batting - Pitching for Detroit (APP) Tigers : RHP Mike Valdivia
|
|
Now in LF: John Barton
|
|
|
Now in CF: Cody Kafer
|
|
|
Batting: LHB Josh Glass
|
0-0: Ball 1-0: Ball 2-0: SINGLE (Line Drive, 78D, EV 103.8 MPH)
|
|
Pitching: RHP Efrain Diaz
|
|
|
Batting: SHB Rory Mozer
|
0-0: Ball 1-0: Foul Ball, location: 2F 1-1: Ball 2-1: Foul Ball, location: 2F 2-2: Ball 3-2: Strikes out looking
|
|
Batting: RHB Josh Reisner
|
0-0: Swinging Strike Balk! Josh Glass to second 0-1: Ball 1-1: Foul Ball, location: 2F 1-2: Strikes out swinging
|
|
Batting: RHB Fernando Acosta
|
0-0: Foul Ball, location: 2F 0-1: Ball 1-1: Ball 2-1: Ball 3-1: Called Strike 3-2: Base on Balls
|
|
Pinch Hitting: RHB Daniel Gladkowski
|
0-0: Called Strike 0-1: Ball 1-1: Called Strike 1-2: Ball 2-2: Strikes out swinging
|
| Top of the 9th over - 0 runs, 1 hit, 0 errors, 2 left on base; Greeneville 5 - Detroit (APP) 6 |
|